 Dungeon Crawl Stone Soup version 0.26-a0-682-g294304f6e8 (webtiles) character file.

Game seed: 1630554191743299602

9787 robertstho the Thaumaturge (level 11, -8/60 HPs)
             Began as a Deep Elf Ice Elementalist on Oct 20, 2020.
             Was a High Priest of Sif Muna.
             Killed from afar by an electric eel (11 damage)
             ... with a bolt of electricity
             ... on level 11 of the Dungeon.
             The game lasted 00:28:23 (10604 turns).

robertstho the Thaumaturge (DEIE)                  Turns: 10604, Time: 00:28:24

Health: -8/60      AC:  7    Str:  5    XL:     11   Next: 27%
Magic:  14/29      EV: 15    Int: 24    God:    Sif Muna [*****.]
Gold:   872        SH:  0    Dex: 15    Spells: 17/34 levels left

rFire    . . .     SeeInvis +   D - +5 great sword
rCold    . . .     Faith    .   (shield currently unavailable)
rNeg     . . .     Spirit   .   a - +0 robe
rPois    .         Reflect  .   (no helmet)
rElec    .         Harm     .   (no cloak)
rCorr    .         Rampage  .   (no gloves)
MR       +....                  u - +0 pair of boots
Stlth    +++.......             o - amulet of regeneration
HPRegen  0.60/turn              L - ring of see invisible
MPRegen  0.21/turn              E - +4 ring of protection

@: no status effects
A: no striking features
a: Channel Magic, Forget Spell, Divine Exegesis, Renounce Religion


You were on level 11 of the Dungeon.
You worshipped Sif Muna.
Sif Muna was extremely pleased with you.
You visited 2 branches of the dungeon, and saw 12 of its levels.
You also visited: Ossuary.

You collected 872 gold pieces.

Inventory:

Hand Weapons
 i - a +0 dagger of venom
 p - a +3 vorpal long sword
 z - a +2 vorpal hand axe
 D - a +5 great sword (weapon)
 I - a +4 trident of venom
 N - a +1 morningstar of protection
Missiles
 d - a throwing net
 t - 11 poisoned darts
 y - 3 curare-tipped darts (quivered)
Armour
 a - a +0 robe (worn)
 u - a +0 pair of boots (worn)
Jewellery
 f - an uncursed ring of protection from magic
 j - an uncursed ring of protection from fire
 o - an amulet of regeneration (around neck)
 r - an uncursed ring of resist corrosion
 E - a +4 ring of protection (right hand)
 L - a ring of see invisible (left hand)
Wands
 B - a wand of flame (43)
 M - a wand of acid (10)
Scrolls
 c - 3 scrolls of magic mapping
 g - 4 scrolls of teleportation
 h - 6 scrolls of remove curse
 m - a scroll of fog {unknown}
 q - 2 scrolls of noise {unknown}
 s - a scroll of amnesia {unknown}
 x - a scroll of enchant armour {unknown}
 H - 2 scrolls of blinking {unknown}
 J - a scroll of identify
Potions
 b - 3 potions of lignification
 e - 3 potions of haste
 k - 10 potions of heal wounds {unknown}
 l - 3 potions of flight {unknown}
 n - 2 potions of mutation {unknown}
 v - 3 potions of brilliance
 w - a potion of ambrosia
 A - a potion of might
 C - a potion of stabbing
 F - a potion of cancellation
 G - 2 potions of curing


   Skills:
 + Level 3.1 Fighting
 + Level 3.0(4.2) Short Blades
 + Level 4.1(4.5) Long Blades
 + Level 0.1 Throwing
 + Level 5.6 Dodging
 + Level 6.0 Stealth
 + Level 12.1 Spellcasting
 + Level 4.0 Summonings
 + Level 11.1 Ice Magic
 * Level 6.8 Invocations
 + Level 0.6 Evocations


You had 17 spell levels left.
You knew the following spells:

 Your Spells              Type           Power        Failure   Level
a - Freeze                Ice            ####         1%          1
b - Frozen Ramparts       Ice            ######       1%          3
c - Ozocubu's Armour      Ice            ######..     1%          3
d - Hailstorm             Conj/Ice       #####...     4%          4
e - Summon Ice Beast      Ice/Summ       ######..     1%          4
f - Swiftness             Air            ##......     6%          2

Your spell library contained the following spells:

 Spells                   Type           Power        Failure   Level
 Ensorcelled Hibernation  Hex/Ice        #####.       1%          2
 Corona                   Hex            ##.....      4%          1
 Magic Dart               Conj           ##..         4%          1
 Shock                    Conj/Air       ##..         4%          1
 Corpse Rot               Necr/Air       N/A          6%          2
 Slow                     Hex            ##......     6%          2
 Confusing Touch          Hex            ##......     13%         3
 Dazzling Flash           Conj/Hex       ##....       13%         3
 Inner Flame              Hex/Fire       ##......     13%         3
 Portal Projectile        Hex/Tloc       ##....       13%         3
 Static Discharge         Conj/Air       ##......     13%         3
 Tukima's Dance           Hex            ##......     13%         3
 Airstrike                Air            ##........   38%         4
 Cause Fear               Hex            ##........   38%         4
 Leda's Liquefaction      Hex/Erth       ##........   38%         4
 Bolt of Magma            Conj/Fire/Erth ##........   75%         5
 Fireball                 Conj/Fire      ##........   75%         5
 Lightning Bolt           Conj/Air       ##........   75%         5


Dungeon Overview and Level Annotations

Branches:
Dungeon (11/15)            Temple (1/1) D:5             Orc (0/2) D:10
Ossuary (visited)
   Lair: D:8-11

Altars:
Ashenzari
Cheibriados
Dithmenos
Elyvilon
Fedhas
Gozag
Hepliaklqana
Kikubaaqudgha
Makhleb
Nemelex Xobeh
Okawaru
Qazlal
Ru
Sif Muna
Trog
Uskayaw
Vehumet
Wu Jian
Xom
Yredelemnul
Zin
The Shining One

Shops:
D:10 (

Annotations:
D:10 2 transporters, RandomCharacter's ghost, journeyman OpAE


Message History

What are your orders? t - Shout!
Orders for allies: a - Attack new target. r - Retreat! s - Stop attacking. g - Guard the area. f - Follow me.
Anything else - Cancel.
Gang up on whom?
Press: ? - help, Dir - move target cursor, f - electric eel
Aim: an electric eel Attack!
The electric eel shoots out a bolt of lightning at you!
The bolt of electricity hits you. x2
* * * LOW HITPOINT WARNING * * *
The electric eel shoots out a bolt of lightning at you!
The bolt of electricity hits you!
* * * LOW HITPOINT WARNING * * *
The electric eel shoots out a bolt of lightning at you!
The bolt of electricity hits the electric eel.
The electric eel completely resists.
The bolt of electricity hits you!
You die...

#.# #.# #.# #.#
#.# #.## #..#
##.#
###@#######
#..Y....#.#
#.....#Y###.#.#
#
#.###.#Y#.#...#
. ....#.###.# .
≈≈...#.....# ≈
.;....####### ≈
≈≈;..... ≈
≈≈≈≈≈≈..#


You could see 2 electric eels and 3 friendly ice beasts.

Vanquished Creatures
  A hydra (D:11)
  A two-headed ogre (D:10)
  An unseen horror (D:11)
  Psyche (D:10)
  A troll (D:10)
  Sigmund (D:5)
  Eustachio (D:4)
  10 yaks
  A water moccasin (D:10)
  3 black bears
  An ice beast (D:6)
  4 orc warriors
  4 sky beasts
  7 ogres
  A wolf (D:11)
  2 centaurs
  A big kobold (D:10)
  10 bullfrogs
  A gnoll sergeant (D:8)
  2 scorpions (D:8)
  3 wights
  4 howler monkeys
  A bullfrog zombie (D:6)
  2 quasits
  9 orc priests
  5 hounds
  2 jellies
  A centaur skeleton (D:7)
  2 bullfrog skeletons
  8 orc wizards
  Ijyb (D:4)
  3 iguanas
  Natasha (thrice) (D:4)
  5 worker ants
  A big kobold zombie (Ossuary)
  4 hound skeletons
  3 mummies
  A howler monkey zombie (D:8)
  11 gnolls
  10 adders
  A howler monkey skeleton (D:6)
  A white imp (D:10)
  An ufetubus (D:9)
  An adder skeleton (D:5)
  2 worms
  2 dart slugs (D:4)
  7 leopard geckos
  41 orcs
  4 bats
  4 giant cockroaches
  2 gnoll zombies (Ossuary)
  6 goblins
  A hobgoblin (D:1)
  18 jackals
  6 quokkas
  2 frilled lizards (D:1)
  2 goblin zombies (Ossuary)
  A hobgoblin zombie (Ossuary)
  14 kobolds
  An orc zombie (Ossuary)
  7 rats
257 creatures vanquished.

Vanquished Creatures (collateral kills)
  A two-headed ogre (D:9)
  A deep elf mage (D:10)
  A centaur zombie (D:10)
  A gargoyle (D:11)
  A troll (D:11)
  2 yaks
  An orc warrior (D:6)
  An ice beast (D:6)
  A wolf (D:11)
  A big kobold (D:9)
  2 bullfrogs
  A wyvern zombie (D:10)
  6 wights
  An orc priest (D:6)
  A centaur skeleton (D:11)
  A hound (D:11)
  A bullfrog skeleton (D:10)
  2 big kobold zombies (Ossuary)
  An adder (D:6)
  A white imp (D:6)
  2 orcs (D:6)
  3 gnoll zombies (Ossuary)
  A quokka (D:6)
  A giant cockroach zombie (D:6)
  2 goblin zombies (Ossuary)
  4 kobolds
41 creatures vanquished.

Vanquished Creatures (others)
  A plant (D:6)
1 creature vanquished.

Grand Total: 299 creatures vanquished

Notes
Turn   | Place    | Note
-------+----------+-------------------------------------------
     0 | D:1      | robertstho the Deep Elf Ice Elementalist began the quest
                  | for the Orb.
     0 | D:1      | Reached XP level 1. HP: 10/10 MP: 6/6
   154 | D:1      | Reached XP level 2. HP: 8/15 MP: 2/8
   482 | D:1      | Reached skill level 5 in Ice Magic
   898 | D:2      | Reached XP level 3. HP: 19/19 MP: 10/10
  1000 | D:2      | Learned a level 3 spell: Frozen Ramparts
  1004 | D:2      | Learned a level 3 spell: Ozocubu's Armour
  1288 | D:2      | Reached XP level 4. HP: 24/24 MP: 11/11
  2314 | D:3      | Reached skill level 4 in Spellcasting
  2830 | D:4      | Found a white marble altar of Elyvilon.
  2830 | D:4      | Found a shadowy altar of Dithmenos.
  2830 | D:4      | Found a bloodstained altar of Trog.
  2830 | D:4      | Found a snail-covered altar of Cheibriados.
  2849 | D:4      | Reached XP level 5. HP: 28/28 MP: 13/13
  2859 | D:4      | Noticed an ogre
  2874 | D:4      | Killed an ogre
  2874 | D:4      | Reached skill level 1 in Fighting
  2874 | D:4      | Reached skill level 1 in Short Blades
  2886 | D:4      | Reached XP level 6. HP: 17/34 MP: 7/14
  2973 | D:4      | Noticed Eustachio
  2994 | D:4      | Killed Eustachio
  2994 | D:4      | Reached skill level 5 in Spellcasting
  3075 | D:4      | Noticed Ijyb
  3080 | D:4      | Found an ancient bone altar of Kikubaaqudgha.
  3084 | D:4      | Killed Ijyb
  3233 | D:4      | Noticed Natasha
  3306 | D:4      | Killed Natasha
  3306 | D:4      | Reached XP level 7. HP: 35/38 MP: 12/16
  3370 | D:4      | Noticed Natasha
  3377 | D:4      | Killed Natasha
  3613 | D:4      | Noticed Natasha
  3621 | D:4      | Killed Natasha
  3673 | D:5      | Entered Level 5 of the Dungeon
  3792 | D:5      | Noticed Sigmund
  3810 | D:5      | Killed Sigmund
  3810 | D:5      | Reached skill level 6 in Spellcasting
  3935 | D:5      | Reached XP level 8. HP: 26/43 MP: 16/20
  4057 | D:5      | Reached skill level 5 in Stealth
  4111 | D:5      | Found a staircase to the Ecumenical Temple.
  4123 | Temple   | Entered the Ecumenical Temple
  4131 | Temple   | Became a worshipper of Sif Muna the Loreminder
  4178 | D:5      | Found a stormy altar of Qazlal.
  4181 | D:5      | Found a shimmering altar of Xom.
  4182 | D:5      | Found a glowing silver altar of Zin.
  4440 | D:5      | Reached skill level 7 in Spellcasting
  4440 | D:5      | Reached skill level 1 in Invocations
  4482 | D:5      | Found a shimmering altar of Xom.
  4482 | D:5      | Found a shimmering altar of Xom.
  4483 | D:5      | Found a shimmering altar of Xom.
  4484 | D:5      | Found a shimmering altar of Xom.
  4484 | D:5      | Found a shimmering altar of Xom.
  4484 | D:5      | Found a shimmering altar of Xom.
  4485 | D:5      | Found a shimmering altar of Xom.
  4931 | D:6      | Reached skill level 8 in Spellcasting
  4955 | D:5      | Learned a level 4 spell: Hailstorm
  4960 | D:5      | Learned a level 4 spell: Summon Ice Beast
  5009 | D:6      | Reached * piety under Sif Muna
  5009 | D:6      | Reached skill level 1 in Long Blades
  5009 | D:6      | Reached XP level 9. HP: 28/47 MP: 15/23
  5165 | D:6      | Found an opulent altar of Gozag.
  5865 | D:6      | Reached skill level 9 in Spellcasting
  5934 | D:6      | Reached skill level 1 in Summonings
  6196 | D:7      | Reached ** piety under Sif Muna
  6384 | D:7      | Found a sand-covered staircase.
  6393 | Ossuary  | Entered an ossuary
  6916 | D:7      | Reached *** piety under Sif Muna
  7028 | D:7      | Reached skill level 5 in Dodging
  7782 | D:8      | Reached XP level 10. HP: 53/53 MP: 22/25
  8112 | D:9      | Reached skill level 10 in Spellcasting
  8115 | D:9      | Reached skill level 5 in Invocations
  8117 | D:9      | Noticed a two-headed ogre
  8118 | D:9      | Reached **** piety under Sif Muna
  8262 | D:9      | Killed a two-headed ogre
  8262 | D:9      | Reached skill level 10 in Ice Magic
  8469 | D:9      | Reached skill level 11 in Spellcasting
  8986 | D:9      | Found an iron altar of Okawaru.
  9029 | D:10     | Entered Level 10 of the Dungeon
  9091 | D:10     | Found a staircase to the Orcish Mines.
  9092 | D:10     | Found Lifoag's Weapon Boutique.
  9093 | D:10     | Noticed a deep elf mage
  9099 | D:10     | Noticed Psyche
  9102 | D:10     | Killed a deep elf mage
  9106 | D:10     | Killed Psyche
  9125 | D:10     | Noticed a two-headed ogre
  9134 | D:10     | Killed a two-headed ogre
  9291 | D:10     | Found a transporter.
  9314 | D:10     | Found a transporter.
  9318 | D:10     | Noticed RandomCharacter's ghost (journeyman OpAE)
  9323 | D:10     | Noticed a moth of wrath
  9781 | D:10     | Reached ***** piety under Sif Muna
  9955 | D:10     | Identified Sif Muna's Tome of Unholy Confrontation (Sif
                  | Muna gifted it to you on level 10 of the Dungeon)
  9955 | D:10     | Received a gift from Sif Muna
  9955 | D:10     | Reached XP level 11. HP: 57/60 MP: 24/28
 10085 | D:10     | Learned a level 2 spell: Swiftness
 10105 | D:11     | Noticed an unseen horror
 10152 | D:11     | Killed an unseen horror
 10201 | D:11     | Reached skill level 12 in Spellcasting
 10367 | D:11     | Noticed a six-headed hydra
 10384 | D:11     | Killed a six-headed hydra
 10604 | D:11     | HP: 3/60 [electric eel/bolt of electricity (12)]
 10604 | D:11     | Killed from afar by an electric eel

Illustrated notes

Levels and vault maps discovered:
D:1:      dpeg_arrival_rooms_with_view, layout_rooms
D:2:      layout_basic
D:3:      layout_loops_corners, minmay_misc_feat_more_columns
D:4:      layout_cave_pools, kiku_gazebo_pond_becter,
          chequers_temple_overflow_statue_of_worship, uniq_natasha,
          uniq_eustachio, uniq_ijyb
D:5:      layout_basic, minitemple, minmay_temple_entry_statues_fountains,
          dk_noncrumbling_4, xom_redecorated, uniq_sigmund
D:6:      layout_cave_pools, serial_bayou_pond_e, grunt_gozag_statues
D:7:      layout_loops_ring, gup_ossuary_entry_pyramid
D:8:      layout_gridville
D:9:      layout_cave_pools, lemuel_coloured_pillars_altar
D:10:     layout_basic, orc_david_3, gammafunk_ghost_berserking_beasts,
          uniq_psyche
D:11:     layout_roguey, erik_lair_island, kennysheep_decorative_pillar
Temple:   nicolae_temple_no_exploring_needed

Skill      XL: |  1  2  3  4  5  6  7  8  9 10 11 |
---------------+----------------------------------+-----
Ice Magic      | 5 6 7 8 9 10 11 | 11.1
Stealth        | 3 4 5 6 |  6.0
Spellcasting   | 4 5 6 8 9 11 12 | 12.1
Fighting       | 1 2 3 |  3.1
Short Blades   | 1 2 3 |  3.0
Dodging        | 3 4 5 |  5.6
Invocations    | 2 4 6 |  6.8
Long Blades    | 1 3 4 |  4.1
Summonings     | 1 3 4 |  4.0
Throwing       | |  0.1
Evocations     | |  0.6

Action                   |  1- 3 |  4- 6 |  7- 9 | 10-12 || total
-------------------------+-------+-------+-------+-------++-------
Melee: Unarmed           |     2 |       |       |       ||     2
       Dagger            |    19 |    60 |    47 |       ||   126
       Long sword        |       |     8 |    14 |       ||    22
       Great sword       |       |       |    68 |    44 ||   112
Throw: Throwing net      |       |     1 |       |       ||     1
 Cast: Freeze            |    26 |     3 |     4 |     1 ||    34
       Frozen Ramparts   |       |    13 |    51 |    31 ||    95
       Ozocubu's Armour  |       |       |     1 |       ||     1
       Summon Ice Beast  |       |       |    29 |    50 ||    79
       Hailstorm         |       |       |       |     3 ||     3
Invok: Channel Magic     |       |       |       |     1 ||     1
Evoke: Wand              |       |       |     6 |       ||     6
  Use: Potion            |     3 |     1 |     2 |     2 ||     8
       Scroll            |       |       |     6 |     6 ||    12
 Stab: Sleeping          |     4 |     3 |     4 |     2 ||    13
Armor: Robe              |     5 |    16 |    36 |    31 ||    88
Dodge: Dodged            |    25 |    38 |   135 |    78 ||   276
       Rpst.: Long sword |       |       |     4 |       ||     4
       Great sword       |       |       |    26 |    20 ||    46

Table legend: (Time is in decaauts)
 A = Elapsed time spent in this place.
 B = Non-inter-level travel time spent in this place.
 C = Inter-level travel time spent in this place.
 D = Time resting spent in this place.
 E = Time spent auto-exploring this place.
 F = Levels seen in this place.
 G = Mean time per level.
                   A        B        C        D        E       F      G
               +--------+--------+--------+--------+--------+-----+--------+
         Total |  10657 |  10180 |    477 |    488 |   7376 |  13 |  819.8 |
       Dungeon |  10348 |   9878 |    470 |    377 |   7275 |  11 |  940.7 |
        Temple |     15 |      8 |      7 |      0 |      0 |   1 |   15.0 |
       Ossuary |    293 |    293 |      0 |    111 |    101 |   1 |  293.0 |
               +--------+--------+--------+--------+--------+-----+--------+

Top non-repeatable levels by time:
     D:5: 1370 daAuts
     D:2: 1196 daAuts
    D:10: 1091 daAuts
     D:6: 1065 daAuts
     D:3: 968 daAuts
     D:7: 964 daAuts
     D:8: 897 daAuts
     D:4: 842 daAuts
     D:9: 792 daAuts
     D:1: 660 daAuts
    D:11: 499 daAuts
 Ossuary: 293 daAuts
  Temple: 15 daAuts
